cohdb
Replays
Latest Replays
All Replays
Popular Replays
Top Player Replays
Match Explorer
How It Works
Community
CoH3 Stats
Reddit
Sign in to upload your games and track your stats! →
Sign in with Steam
Match 29386171
Unlisted
Match 29386171
Overview
Messages
Build Orders
End
Selects Italian Combined Arms Battlegroup
Selects Bersaglieri Squad
Bersaglieri Squad
Kradschützen Motorcycle Team
Bersaglieri Squad
Construct Light Support Kompanie
2.5-tonne Medical Truck
MG34 Team
Fire Support Elements
Selects Bersaglieri Bolster
Flakvierling Half-track
le.IG 18 Mechanized Group
Combat Half-tracks
Panzerjäger Squad
HulkSMASH
kex1710
⚓️Ruby⚓
书签sq
kerigan
Mechanized
0
0
Comments
sign in to comment!
No comments posted yet!